 Dungeon Crawl Stone Soup version 0.20-a0-1086-g4bd2f5b (webtiles) character file.

54816 FastMan the Severer (level 14, -5/138 HPs)
             Began as a Minotaur Berserker on May 1, 2017.
             Was the Champion of Trog.
             Slain by a spriggan rider
             ... wielding a +0 spear
              (6 damage)
             ... on level 2 of the Swamp.
             The game lasted 00:15:52 (15563 turns).

FastMan the Severer (Minotaur Berserker)           Turns: 15563, Time: 00:15:53

Health: -5/138     AC: 26    Str: 25    XL:     14   Next: 36%
Magic:  13/13      EV:  6    Int:  4    God:    Trog [******]
Gold:   572        SH:  0    Dex: 12    Spells: 13/13 levels left

rFire    + . .     SeeInvis .   a - +3 battleaxe (flame)
rCold    + . .     Gourm    .   (shield currently unavailable)
rNeg     . . .     Faith    .   P - +2 gold dragon scales
rPois    +         Spirit   .   (helmet restricted)
rElec    .         Reflect  .   C - +0 cloak
rCorr    .         Harm     .   u - +0 pair of gloves
MR       ++...                  n - +0 pair of boots
Stlth    ..........             B - amulet of regeneration
Regen    0.8/turn               (no ring)
MPRegen  0.2/turn               h - ring of protection from magic

@: about to teleport, slowed, very slow
A: retaliatory headbutt, horns 2, thin metallic scales 1, subdued magic 1,
MP-powered wands
a: Berserk, Trog's Hand, Brothers in Arms, Burn Spellbooks, Renounce Religion


You were on level 2 of the Swamp.
You worshipped Trog.
Trog was exalted by your worship.
You were very hungry.

You visited 4 branches of the dungeon, and saw 22 of its levels.

You collected 1491 gold pieces.
You spent 919 gold pieces at shops.

Inventory:

Hand Weapons
 a - a +3 battleaxe of flaming (weapon)
 t - a +4 broad axe of electrocution
Armour
 m - a +0 large shield
 n - a +0 pair of boots (worn)
 u - a +0 pair of gloves (worn)
 C - a +0 cloak (worn)
 P - +2 gold dragon scales (worn)
Jewellery
 h - a ring of protection from magic (right hand)
 q - the ring of Existentialism {rPois Int+3 Dex-3 SInv Stlth+}
   (You found it on level 5 of the Lair of Beasts)

   [ring of intelligence]

   It affects your intelligence (+3).
   It affects your dexterity (-3).
   It protects you from poison.
   It lets you see invisible.
   It makes you more stealthy.
 B - an amulet of regeneration (around neck)
Scrolls
 g - 7 scrolls of teleportation {@r3}
 i - 5 scrolls of remove curse {@r2}
 l - 3 scrolls of identify {@r1}
 v - 3 scrolls of summoning {unknown}
 z - a scroll of immolation
 A - 2 scrolls of magic mapping
 M - a scroll of noise {unknown}
Potions
 j - a potion of might {unknown}
 k - 5 potions of haste {@q3}
 r - a potion of ambrosia {unknown}
 s - 5 potions of curing {@q1}
 w - 3 potions of heal wounds {unknown}
 x - 2 potions of lignification {unknown}
 y - 2 potions of flight
 F - 2 potions of brilliance {@q6}
 G - 3 potions of cancellation {unknown}
 H - a potion of magic {unknown}
 N - 3 potions of mutation
Comestibles
 c - 9 bread rations {@e1}
 d - 8 royal jellies {@e3}
 f - 27 fruits {@e4}
 p - 2 meat rations {@e2}


   Skills:
 + Level 16.4 Fighting
 * Level 20.1 Axes
 + Level 11.0 Armour
 - Level 2.1 Dodging
 - Level 7.1 Shields


You had 13 spell levels left.
You didn't know any spells.

Dungeon Overview and Level Annotations

Branches:
Dungeon (12/15)            Temple (0/1) D:6            Lair (6/6) D:11
  Swamp (3/4) Lair:4       Spider (0/4) Lair:2        Slime (0/5) Lair:5
    Orc (1/2) D:9

Altars:
Elyvilon
Gozag
Okawaru
Qazlal
Uskayaw
Jiyva

Shops:
D:6 *   D:7 [   D:9 *   D:10 %((%[   D:11 [

Annotations:
D:9 exclusion: door
Lair:1 exclusion: oklob plant
Lair:5 exclusion: oklob plant


Innate Abilities, Weirdness & Mutations

You reflexively headbutt those who attack you in melee.
You have a pair of horns on your head.
You are partially covered in thin metallic scales. (AC +2)
Your spells are a little easier to cast, but a little less powerful.
You expend magic power (3 MP) to strengthen your wands.


Message History

You assume a fearsome visage.
The vampire mosquito is unaffected. x3
The spriggan rider easily resists.
The spriggan rider resists with almost no effort.
The bog body is unaffected.
The white very ugly thing seems to regain its courage.
The vampire mosquito bites you but does no damage. x3
The vampire mosquito barely misses you.
The vampire mosquito bites you but does no damage.
The vampire mosquito bites you.
* * * LOW HITPOINT WARNING * * *
The vampire mosquito draws strength from your injuries!
The spriggan rider hits you but does no damage.
The vampire mosquito barely misses you. You furiously retaliate!
You headbutt the vampire mosquito. The vampire mosquito bites you.
* * * LOW HITPOINT WARNING * * *
The vampire mosquito draws strength from your injuries!
The bog body barely misses you.
The bog body touches you but does no damage.
The spriggan rider hits you from afar with a spear.
You die...

....≈.≈.≈§..
.≈≈.≈..≈≈≈...
♣...≈ ♣.≈w♣.♣
♣..≈.♣.≈>♣.♣
...≈.♣.))u♣
♣....♣.†)†♣♣♣
♣.♣≈≈...≈..♣♣≈
♣.≈≈≈nyi..≈D...
♣....@yi..≈≈♣.≈♣
♣.≈.≈≈.y≈≈≈..≈.≈.
♣♣.≈≈≈§≈♣.≈≈≈≈..
♣.≈≈..≈..≈≈≈≈...
♣..≈≈≈≈≈≈..≈≈..≈≈
..≈..≈≈≈...≈♣♣≈≈≈
≈.≈≈.≈≈♣..≈≈≈ ≈.
≈.♣≈≈≈≈ ♣.≈.≈≈


You could see a white very ugly thing, a swamp dragon (fleeing), a tyrant leech
(fleeing), 2 spriggan riders, a bog body and 3 vampire mosquitoes.

Vanquished Creatures
  Rupert (Lair:6)
  The ghost of Buffagor the Carver, a journeyman DsGl of Okawaru (Lair:2)
  Josephine (Lair:4)
  8 hydras
  An alligator (Swamp:2)
  3 two-headed ogres
  5 death yaks (Lair:4)
  A spriggan druid (Swamp:2)
  A swamp dragon (Swamp:2)
  The ghost of FastMan the Cleaver, a novice MiBe of Trog (D:7)
  An orc knight (Orc:1)
  2 ugly things (D:11)
  An orc sorcerer (Orc:1)
  3 deep elf magi (D:11)
  Maurice (D:11)
  6 elephants (Lair:5)
  Psyche (D:9)
  The ghost of fairyof the Firebug, a novice NaFE (D:4)
  3 black mambas
  6 spiny frogs
  2 rime drakes (Lair:1)
  7 komodo dragons
  3 trolls
  3 slime creatures (Swamp:1)
  7 hornets
  Prince Ribbit (D:8)
  9 blink frogs (Lair:4)
  2 bog bodies
  6 hippogriffs
  12 dream sheep
  Sigmund (D:3)
  6 spriggans
  25 yaks
  2 wyverns
  4 wraiths (Lair:4)
  2 steam dragons (Lair:6)
  3 hungry ghosts
  7 vampire mosquitoes
  10 swamp worms
  8 water moccasins
  3 swamp drakes
  10 porcupines
  2 sky beasts
  12 orc warriors
  A phantom (D:7)
  4 ice beasts
  An ogre (D:4)
  17 wolves
  An eye of draining (D:10)
  2 centaurs
  10 crocodiles
  5 big kobolds
  7 bullfrogs
  A wyvern skeleton (D:8)
  2 scorpions
  3 killer bees (D:8)
  5 wights (D:7)
  An electric eel (Lair:4)
  4 howler monkeys
  5 crimson imps
  3 hounds
  A centaur zombie (D:9)
  A bullfrog zombie (D:10)
  11 orc priests
  6 iguanas
  2 jellies
  21 orc wizards
  6 worker ants
  A hound zombie (D:6)
  2 worker ant zombies
  8 adders
  4 gnolls (D:8)
  A shadow imp (D:8)
  2 oozes
  2 worms (D:2)
  4 leopard geckos
  58 orcs
  10 bats
  4 giant cockroaches
  7 goblins
  17 hobgoblins
  8 jackals
  3 quokkas
  3 frilled lizards (D:2)
  A jackal skeleton (D:5)
  23 kobolds
  6 rats
  2 fungi
  5 plants
486 creatures vanquished.

Vanquished Creatures (collateral kills)
  Snorg (D:10)
  3 yaks (D:11)
  A basilisk (D:11)
  2 porcupines (D:11)
  3 crocodiles (D:11)
  2 iguanas (D:10)
  An adder (D:10)
13 creatures vanquished.

Vanquished Creatures (others)
  6 fungi
  4 plants
10 creatures vanquished.

Grand Total: 509 creatures vanquished

Notes
Turn   | Place    | Note
-------+----------+-------------------------------------------
     0 | D:1      | FastMan the Minotaur Berserker began the quest for the Orb.
     0 | D:1      | Reached XP level 1. HP: 19/19 MP: 0/0
    50 | D:1      | Reached skill level 4 in Axes
    69 | D:1      | Reached XP level 2. HP: 14/27 MP: 1/1
   522 | D:1      | Reached XP level 3. HP: 29/33 MP: 2/2
   747 | D:2      | Reached skill level 5 in Axes
   751 | D:2      | Reached ** piety under Trog
  1595 | D:2      | Reached XP level 4. HP: 40/41 MP: 3/3
  1749 | D:2      | Reached skill level 6 in Axes
  1749 | D:2      | Reached XP level 5. HP: 24/47 MP: 4/4
  1749 | D:2      | Reached skill level 5 in Fighting
  2197 | D:3      | Reached skill level 7 in Axes
  2198 | D:3      | Reached XP level 6. HP: 51/56 MP: 5/5
  2495 | D:3      | Noticed Sigmund
  2500 | D:3      | Gained mutation: You expend magic power (3 MP) to strengthen your wands. [potion of mutation]
  2500 | D:3      | Gained mutation: Your spells are a little easier to cast, but a little less powerful. [potion of mutation]
  2500 | D:3      | Gained mutation: You are partially covered in thin metallic scales. (AC +2) [potion of mutation]
  2504 | D:3      | Killed Sigmund
  2795 | D:4      | Found a white marble altar of Elyvilon.
  2804 | D:4      | Noticed fairyof's ghost (novice NaFE)
  2822 | D:4      | Killed fairyof's ghost
  2822 | D:4      | Reached skill level 9 in Axes
  2822 | D:4      | Reached XP level 7. HP: 27/64 MP: 6/6
  3015 | D:4      | Reached *** piety under Trog
  3478 | D:5      | Entered Level 5 of the Dungeon
  3541 | D:5      | Reached XP level 8. HP: 51/73 MP: 7/7
  3727 | D:5      | Reached skill level 10 in Axes
  4284 | D:6      | Found Vearghips's General Store.
  4292 | D:6      | Bought a scroll of teleportation for 39 gold pieces
  4293 | D:6      | Found a staircase to the Ecumenical Temple.
  4307 | D:6      | Reached skill level 11 in Axes
  4796 | D:6      | Reached **** piety under Trog
  5080 | D:7      | Found Hiuh's Armour Shop.
  5091 | D:7      | Reached XP level 9. HP: 82/82 MP: 8/8
  5092 | D:7      | Reached skill level 12 in Axes
  5215 | D:7      | Noticed FastMan's ghost (novice MiBe)
  5221 | D:7      | Killed FastMan's ghost
  5221 | D:7      | Reached skill level 13 in Axes
  5653 | D:8      | Noticed Prince Ribbit
  5675 | D:8      | Killed Prince Ribbit
  5675 | D:8      | Reached skill level 10 in Fighting
  5943 | D:8      | Noticed a two-headed ogre
  5975 | D:8      | Killed a two-headed ogre
  5975 | D:8      | Reached skill level 14 in Axes
  5975 | D:8      | Reached XP level 10. HP: 61/94 MP: 4/9
  6507 | D:9      | Noticed a two-headed ogre
  6510 | D:9      | Noticed a two-headed ogre
  6511 | D:9      | Noticed Psyche
  6514 | D:9      | Killed a two-headed ogre
  6515 | D:9      | Killed a two-headed ogre
  6515 | D:9      | Reached skill level 15 in Axes
  6515 | D:9      | Reached ***** piety under Trog
  6522 | D:9      | Killed Psyche
  6768 | D:9      | Found a staircase to the Orcish Mines.
  6826 | D:9      | Found Zuipp's General Store.
  6980 | D:9      | Found an opulent altar of Gozag.
  7035 | D:9      | Found an iron altar of Okawaru.
  7186 | D:9      | Reached skill level 16 in Axes
  7186 | D:9      | Reached XP level 11. HP: 104/104 MP: 7/10
  7217 | D:9      | Noticed a two-headed hydra
  7224 | D:9      | Killed a one-headed hydra
  7405 | Orc:1    | Entered Level 1 of the Orcish Mines
  7410 | Orc:1    | Received a gift from Trog
  8300 | Orc:1    | Noticed an orc sorcerer
  8312 | Orc:1    | Killed an orc sorcerer
  8436 | Orc:1    | Noticed an orc knight
  8449 | Orc:1    | Killed an orc knight
  8449 | Orc:1    | Reached skill level 17 in Axes
  8626 | D:10     | Entered Level 10 of the Dungeon
  8643 | D:10     | Noticed Snorg
  8820 | D:10     | Killed Snorg
  8959 | D:10     | Found a stormy altar of Qazlal.
  9004 | D:10     | Found Foejahen's Food Shoppe.
  9077 | D:10     | Identified the Reference Book on the Oath and Heat
  9102 | D:10     | Found Vyutes's Weapon Shoppe.
  9113 | D:10     | Found Foboeb's Food Boutique.
  9139 | D:10     | Found Beazann's Antique Armour Boutique.
  9250 | D:10     | Found Kialoz's Antique Weapon Shop.
  9330 | D:11     | Noticed a white ugly thing
  9331 | D:11     | Found Hutiamev's Antique Armour Emporium.
  9336 | D:11     | Killed a white ugly thing
  9361 | D:11     | Noticed a deep elf mage
  9363 | D:11     | Noticed a deep elf mage
  9374 | D:11     | Noticed Maurice
  9376 | D:11     | Noticed a green ugly thing
  9385 | D:11     | Killed Maurice
  9388 | D:11     | Killed a green ugly thing
  9430 | D:11     | Found a staircase to the Lair.
  9470 | D:11     | Noticed a deep elf mage
  9490 | D:12     | Reached skill level 18 in Axes
  9744 | D:11     | Killed a deep elf mage
  9745 | D:11     | Killed a deep elf mage
  9745 | D:11     | Reached XP level 12. HP: 52/115 MP: 3/11
  9979 | D:11     | Found a hide-covered altar of Uskayaw.
 10182 | D:7      | Bought +0 gold dragon scales for 880 gold pieces
 10223 | D:7      | Received a gift from Trog
 10361 | Lair:1   | Entered Level 1 of the Lair of Beasts
 10966 | Lair:2   | Found a hole to the Spider Nest.
 11074 | Lair:2   | Reached skill level 5 in Armour
 11130 | Lair:2   | Reached ****** piety under Trog
 11476 | Lair:2   | Noticed Buffagor's ghost (journeyman DsGl)
 11512 | Lair:2   | Killed Buffagor's ghost
 12108 | Lair:3   | Found a labyrinth entrance.
 12262 | Lair:3   | Noticed an eight-headed hydra
 12271 | Lair:3   | Killed a 12-headed hydra
 12399 | Lair:3   | Noticed a six-headed hydra
 12409 | Lair:3   | Killed an 11-headed hydra
 12409 | Lair:3   | Reached skill level 19 in Axes
 12823 | Lair:4   | Noticed Josephine
 12835 | Lair:4   | Killed Josephine
 13030 | Lair:4   | Noticed a death yak
 13030 | Lair:4   | Noticed a death yak
 13038 | Lair:4   | Killed a death yak
 13038 | Lair:4   | Reached XP level 13. HP: 122/125 MP: 12/12
 13196 | Lair:4   | Reached skill level 15 in Fighting
 13415 | Lair:4   | Received a gift from Trog
 13675 | Lair:4   | Reached skill level 1 in Shields
 14177 | Lair:4   | Found a staircase to the Swamp.
 14375 | Lair:5   | Got a vibrating tin ring
 14376 | Lair:5   | Identified the ring of Existentialism {rPois Int+3 Dex-3 SInv Stlth+} (You found it on level 5 of the Lair of Beasts)
 14423 | Lair:5   | Reached skill level 5 in Shields
 14517 | Lair:5   | Found a staircase to the Slime Pits.
 14517 | Lair:5   | Found a viscous altar of Jiyva.
 14745 | Lair:6   | Entered Level 6 of the Lair of Beasts
 14756 | Lair:6   | Reached skill level 10 in Armour
 14833 | Lair:6   | Noticed Rupert
 14845 | Lair:6   | Killed Rupert
 15018 | Lair:6   | Reached XP level 14. HP: 128/137 MP: 13/13
 15135 | Swamp:1  | Entered Level 1 of the Swamp
 15400 | Swamp:2  | You fall through a shaft!
 15414 | Swamp:3  | Received a gift from Trog
 15439 | Swamp:3  | Got a bone battleaxe {god gift}
 15440 | Swamp:3  | Identified the +4 battleaxe of the Morning {freeze, rF- Int+8} (Trog gifted it to you on level 3 of the Swamp)
 15547 | Swamp:2  | Noticed a white very ugly thing
 15549 | Swamp:2  | Reached skill level 20 in Axes
 15562 | Swamp:2  | HP: 5/138 [bog body/bolt of cold (5)]
 15563 | Swamp:2  | HP: 1/138 [vampire mosquito (4)]
 15563 | Swamp:2  | Slain by a spriggan rider

Vault maps used:
D:1:      dpeg_arrival_shrine, minmay_quantized
D:2:      cheibrodos_pilgrimage
D:3:      first_bread, uniq_sigmund
D:4:      elyvilon_altar_4
D:5:      minivault_19
D:6:      minmay_temple_entry_grid, serial_shops, shop, patterned_corridor
D:7:      serial_shops, shop
D:8:      uniq_prince_ribbit1
D:9:      grunt_gozag_breadcrumbs, serial_shops, shop, hangedman_ranch,
          okawaru_altar_gauntlet_db, uniq_psyche
D:10:     serial_shops, nicolae_shop_waterfront, nicolae_shop_statue_plus, shop,
          shop, shop, library_closet, grunt_qazlal_sundering, uniq_snorg
D:11:     cheibrodos_lost_city_excavation, minmay_lair_entry_grove, basic_altar,
          serial_shops, shop_statue, uniq_maurice
D:12:     uniq_urug
Lair:1:   lemuel_another_geyser, minmay_lair_oklob_chamber, uniq_gastronok
Lair:2:   spider_nest_entry_web_field, lemuel_fruit_tree
Lair:3:   lab_entry_generic
Lair:4:   nicolae_swamp_entry_splash_gauntlet, grunt_megastairs_1,
          infiniplex_staircase_pool_2, lemuel_fruit_fields, uniq_josephine
Lair:5:   slime_altar_1, portal_ice_cave_entry_animals_and_master,
          minmay_lair_oklob_bushes
Lair:6:   guppyfry_lair_end_dragon, hangedman_lair_in_review, uniq_rupert
Swamp:1:  evilmike_swamp_ruin_house_5, swamp_pool2, lightli_tree_ring
Swamp:2:  evilmike_swamp_ruin_rubble_1
Swamp:3:  hangedman_swamp_lotus
Orc:1:    cheibrodos_orc_bank, trog_hazing_becter

Skill      XL: |  1  2  3  4  5  6  7  8  9 10 11 12 13 14 |
---------------+-------------------------------------------+-----
Axes           | 4 5 6 7 9 11 14 16 18 19 20 | 20.1
Fighting       | 4 5 6 7 8 10 11 13 14 16 | 16.4
Armour         | 7 10 11 | 11.0
Shields        | 7 |  7.1
Dodging        | |  2.1

Action                   |  1- 3 |  4- 6 |  7- 9 | 10-12 | 13-15 || total
-------------------------+-------+-------+-------+-------+-------++-------
Melee: Hand axe          |    60 |    89 |    19 |    14 |       ||   182
       Headbutt          |    11 |    15 |    38 |    99 |    64 ||   227
       War axe           |       |       |   133 |       |       ||   133
       Battleaxe         |       |       |    82 |   463 |   176 ||   721
       Broad axe         |       |       |       |       |   138 ||   138
Invok: Berserk           |     2 |     3 |     4 |    19 |     6 ||    34
       Trog's Hand       |       |       |     2 |     6 |       ||     8
       Brothers in Arms  |       |       |       |     2 |       ||     2
       Burn Spellbooks   |       |       |       |     2 |     1 ||     3
  Use: Potion            |       |     2 |       |       |       ||     2
       Scroll            |       |       |     5 |    13 |     7 ||    25
 Stab: Sleeping          |     1 |       |       |       |       ||     1
  Eat: Chunk             |     4 |     5 |    11 |    28 |    10 ||    58
       Bread ration      |       |       |     1 |     1 |       ||     2
       Meat ration       |       |       |     1 |     4 |       ||     5
Armor: Animal skin       |    10 |     3 |       |       |       ||    13
       Chain mail        |       |    35 |   143 |   159 |       ||   337
       Gold dragon scale |       |       |       |   161 |   283 ||   444
Dodge: Dodged            |    45 |    33 |    58 |   192 |    78 ||   406
Block: Large shield      |       |       |       |       |   107 ||   107
